 Dungeon Crawl Stone Soup version 0.28.0 (webtiles) character file.

Game seed: 15362362838791394686

20 Morbidden the Conjurer (level 2, -5/19 HPs)
             Began as a Demonspawn Conjurer on Feb 8, 2022.
             Slain by a kobold (6 damage)
             ... on level 2 of the Dungeon.
             The game lasted 00:01:37 (1726 turns).

Morbidden the Conjurer (Demonspawn Conjurer)        Turns: 1726, Time: 00:01:38

Health: -5/19      AC:  2    Str:  7    XL:     2   Next: 58%
Magic:  5/5        EV: 12    Int: 19    God:
Gold:   24         SH:  0    Dex: 11    Spells: 2/5 levels left

rFire   . . .      SeeInvis .   g - staff of air
rCold   . . .      Faith    .   (no shield)
rNeg    . . .      Spirit   .   a - +0 robe
rPois   .          Reflect  .   (no helmet)
rElec   +          Harm     .   (no cloak)
rCorr   .          Rampage  .   (no gloves)
Will    .....                   (no boots)
Stlth   ++........              (no amulet)
HPRegen 0.06/turn               (no ring)
MPRegen 0.09/turn               (no ring)

@: no status effects
A: hooves 1
a: no special abilities


You were on level 2 of the Dungeon.
You visited 1 branch of the dungeon, and saw 2 of its levels.

You collected 24 gold pieces.

Inventory:

Missiles
 f - 6 poisoned darts
Armour
 a - a +0 robe (worn)
Magical Staves
 g - a staff of air (weapon)
Scrolls
 b - 3 scrolls of teleportation {unknown}
 d - a scroll of identify {unknown}
 i - a scroll of blinking {unknown}
Potions
 e - a potion of curing {unknown}
 h - a potion of invisibility {unknown}


   Skills:
 * Level 0.2 Fighting
 * Level 2.1 Dodging
 * Level 2.2 Stealth
 * Level 2.0 Spellcasting
 * Level 4.3 Conjurations


You had 2 spell levels left.
You knew the following spells:

 Your Spells              Type           Power      Damage    Failure   Level
a - Magic Dart            Conj           72%        1d6       2%          1
b - Searing Ray           Conj           36%        2d5       4%          2

Your spell library contained the following spells:

 Spells                   Type           Power      Damage    Failure   Level
 Dazzling Flash           Conj/Hex       20%        N/A       21%         3
 Fulminant Prism          Conj/Hex       5%         3d7       56%         4
 Iskenderun's Mystic Bla  Conj/Tloc      10%        2d4       56%         4


Dungeon Overview and Level Annotations

Branches:
Dungeon (2/15)

Altars:


Innate Abilities, Weirdness & Mutations

You have large cloven feet.


Message History

You start resting.
A kobold comes into view. It is wielding a +6 short sword.
Unknown command.
Casting: Magic Dart (safe; 2% risk of failure)
Confirm with . or Enter, or press ? or * to list all spells.
Aiming: Magic Dart (safe; 2% risk of failure)
Press: ? - help, Shift-Dir - straight line, f - kobold
Aim: a kobold, wielding a +6 short sword and wearing a +0 chain mail (wandering, hasn't noticed you, 100% to hit)
The magic dart hits the kobold but does no damage.
The kobold shouts!
Casting: Magic Dart (safe; 2% risk of failure)
Confirm with . or Enter, or press ? or * to list all spells.
Aiming: Magic Dart (safe; 2% risk of failure)
Press: ? - help, Shift-Dir - straight line, f/p - kobold
Aim: a kobold, wielding a +6 short sword and wearing a +0 chain mail (100% to hit)
The magic dart hits the kobold but does no damage.
Unknown command.
Casting: Magic Dart (safe; 2% risk of failure)
Confirm with . or Enter, or press ? or * to list all spells.
Aiming: Magic Dart (safe; 2% risk of failure)
Press: ? - help, Shift-Dir - straight line, f/p - kobold
Aim: a kobold, wielding a +6 short sword and wearing a +0 chain mail (100% to hit)
The magic dart hits the kobold but does no damage.
Casting: Magic Dart (safe; 2% risk of failure)
Confirm with . or Enter, or press ? or * to list all spells.
Aiming: Magic Dart (safe; 2% risk of failure)
Press: ? - help, Shift-Dir - straight line, f/p - kobold
Aim: a kobold, wielding a +6 short sword and wearing a +0 chain mail (100% to hit)
The magic dart hits the kobold but does no damage.
Casting: Magic Dart (safe; 2% risk of failure)
Confirm with . or Enter, or press ? or * to list all spells.
Aiming: Magic Dart (safe; 2% risk of failure)
Press: ? - help, Shift-Dir - straight line, f/p - kobold
Aim: a kobold, wielding a +6 short sword and wearing a +0 chain mail (100% to hit)
The magic dart hits the kobold but does no damage.
The kobold hits you with a +6 short sword!
* * * LOW HITPOINT WARNING * * *
It was a potion of magic.
Magic courses through your body.
The kobold hits you with a +6 short sword.
You die...

#......# #......#
#......#####
#..........#
######..........#
#..†............# #.
###.#####.#.......# ...
..#.#<#...######### ..#
#.#.#@#.### ...#.#.#K#.#
#.#.#.#.#)# ...#.#.#.#
##.####.#.#.#.##########
#.).....w...............
#....##.##..............
#... #.##..............
.... ....#.#.##########


You could see a kobold.

Vanquished Creatures
  A worm (D:2)
  A dart slug (D:1)
  An orc (D:2)
  3 giant cockroaches
  A hobgoblin (D:1)
  3 ball pythons
  3 goblins
13 creatures vanquished.

Notes
Turn   | Place    | Note
-------+----------+-------------------------------------------
     0 | D:1      | Morbidden the Demonspawn Conjurer began the quest for the
                  | Orb.
     0 | D:1      | Reached XP level 1. HP: 13/13 MP: 3/3
    36 | D:1      | Found a faded altar of an unknown god.
  1127 | D:2      | Gained mutation: You have large cloven feet. [demonic
                  | ancestry]
  1127 | D:2      | Reached XP level 2. HP: 19/19 MP: 1/5
  1607 | D:1      | Learned a level 2 spell: Searing Ray
  1726 | D:2      | Slain by a kobold

Illustrated notes

Levels and vault maps discovered:
D:1:      wander_arrival_abandoned_jail, layout_rooms,
          chequers_ecumenical_altar_simple, amcnicky_mini_rare_corridor_liquid,
          hex_medium, palyth_stone_intersect, supply_closet_lemuel
D:2:      layout_basic, basic_altar, minmay_cupped

Skill      XL: |  1  2 |
---------------+-------+-----
Dodging        | 2 |  2.1
Stealth        | 2 |  2.2
Fighting       | |  0.2
Spellcasting   | |  2.0
Conjurations   | |  4.3

Action                   || total
-------------------------++-------
Melee: Unarmed           ||    29
       Staff             ||    28
       Kick              ||    12
 Cast: Magic Dart        ||    30
       Searing Ray       ||     1
  Use: Potion            ||     1
Armor: Robe              ||     7
Dodge: Dodged            ||    38
